 Dungeon Crawl Stone Soup version 0.30-a0-778-g2ef04afb54 (webtiles) character file.

Game seed: 3049434607368852188

115 IndexError the Vexing (level 4, 0/24 HPs)
             Began as a Deep Elf Hexslinger on Feb 16, 2023.
             Slain by a hound (5 damage)
             ... on level 4 of the Dungeon.
             The game lasted 00:06:50 (2692 turns).

IndexError the Vexing (Deep Elf Hexslinger)         Turns: 2692, Time: 00:06:51

Health: 0/24       AC:  2    Str:  7    XL:     4   Next: 68%
Magic:  6/8        EV: 13    Int: 24    God:
Gold:   190        SH:  0    Dex: 17    Spells: 2/6 levels left

rFire   . . .      SeeInvis .    a - +1 sling
rCold   . . .      Faith    .    (no shield)
rNeg    . . .      Spirit   .    c - +0 robe
rPois   +          Reflect  .    (no helmet)
rElec   .          Harm     .    (no cloak)
rCorr   .          Rampage  .    (no gloves)
Will    .....                    (no boots)
Stlth   ++                       (no amulet)
HPRegen 0.24/turn                n - +6 ring of intelligence
MPRegen 0.11/turn                q - ring of poison resistance {rPois, !d}

@: no status effects
A: no striking features
a: no special abilities


You were on level 4 of the Dungeon.
You visited 1 branch of the dungeon, and saw 4 of its levels.

You collected 190 gold pieces.

Inventory:

Hand Weapons
 a - a +1 sling (weapon)
Armour
 c - a +0 robe (worn)
 d - a +0 scale mail
   (You found it on level 1 of the Dungeon)
 m - a +0 robe
   (You found it on level 2 of the Dungeon)
 p - a +0 scale mail
   (You found it on level 2 of the Dungeon)
 s - a +0 ring mail
   (You found it on level 3 of the Dungeon)
 t - a +0 scale mail
   (You found it on level 3 of the Dungeon)
 u - a +0 leather armour
   (You found it on level 3 of the Dungeon)
 v - a +0 cloak
   (You found it on level 3 of the Dungeon)
 w - a +0 robe
   (You found it on level 3 of the Dungeon)
 A - a +0 leather armour
   (You took it off an orc on level 4 of the Dungeon)
Jewellery
 n - a +6 ring of intelligence (left hand)
   (You found it on level 2 of the Dungeon)
 q - a ring of poison resistance (right hand) {rPois, !d}
   (You found it on level 3 of the Dungeon)
 r - a ring of protection from fire {rF+, !d}
   (You found it on level 3 of the Dungeon)
Scrolls
 b - a scroll of poison {!r}
 f - 3 scrolls of identify {unknown}
 g - 2 scrolls of teleportation {unknown}
 o - a scroll of immolation {unknown}
 x - 2 scrolls of blinking {unknown}
 y - a scroll of fog {unknown}
Potions
 e - 3 potions of haste {unknown}
 h - a potion of curing {unknown}
 i - 2 potions of degeneration {unknown}
 j - a potion of resistance {unknown}
 k - a potion of magic {unknown}
 l - 2 potions of berserk rage {unknown}
 z - a potion of attraction {unknown}


   Skills:
 - Level 0.7 Fighting
 + Level 5.0 Ranged Weapons
 - Level 2.4 Dodging
 - Level 1.5 Spellcasting
 + Level 5.9 Hexes


You had 2 spell levels left.
You knew the following spells:

 Your Spells              Type           Power      Damage    Failure   Level
a - Portal Projectile     Hex/Tloc       32%        N/A       11%         3
s - Slow                  Hex            100%       N/A       1%          1

Your spell library contained the following spells:

 Spells                   Type           Power      Damage    Failure   Level
 Sandblast                Erth           2%         2d4       13%         1
 Passwall                 Tmut/Erth      0%         N/A       19%         2
 Sublimation of Blood     Necr           1%         N/A       19%         2
 Wereblood                Tmut           1%         N/A       19%         2
 Inner Flame              Hex/Fire       16%        N/A       11%         3
 Cause Fear               Hex            15%        N/A       11%         4
 Stone Arrow              Conj/Erth      2%         3d7       36%         3
 Blade Hands              Tmut           0%         N/A       98%         5
 Irradiate                Conj/Tmut      0%         3d11      98%         5
 Dragon Form              Tmut           0%         N/A       100%        7
 Summon Hydra             Summ           0%         N/A       100%        7


Dungeon Overview and Level Annotations

Branches:
Dungeon (4/15)
 Temple: D:4-7

Altars:
Wu Jian

Shops:
D:3 *?=[


Message History

You feel sick.
You are no longer poisoned.
Magic restored.
An endoplasm comes into view.
You regained 7 hp, and now have 21/24 hp.
MP restored: 8 You shoot a sling bullet.
The endoplasm quivers.
The sling bullet hits the endoplasm.
You shoot a sling bullet.
The sling bullet hits the endoplasm but does no damage.
You shoot a sling bullet. The sling bullet hits the endoplasm!
No target in view!
No target in view!
HP restored.
You see here an adder corpse.
y - a scroll labelled SEVAOTWA USHYA Health restored: 24
A - a +0 leather armour You see here a +0 hand axe.
l - 2 glowing purple potions (gained 1)
You see here a hobgoblin corpse.
You pick up a book of Geomancy and begin reading...
You add the spells Sandblast, Passwall and Stone Arrow to your library.
A jackal comes into view.
You shoot a sling bullet. The sling bullet hits the jackal.
The jackal barks!
You hear a bark!
You shoot a sling bullet. The sling bullet hits the jackal.
Your Ranged Weapons skill increases to level 5!
No target in view!
No target in view!
x - 2 scrolls labelled AHAOF JUINT (gained 1)
You now have 190 gold pieces (gained 14).
A jackal comes into view.
You shoot a sling bullet. The sling bullet hits the jackal!
No target in view!
No target in view!
A kobold comes into view.
It is wielding a +0 club and quivering poisoned darts.
The kobold shouts!
You shoot a sling bullet.
The sling bullet closely misses the kobold.
You hear a bark!
The kobold throws a poisoned dart.
The poisoned dart hits you!
You are poisoned.
You shoot a sling bullet. The sling bullet hits the kobold.
You feel very sick.
You take 3 damage, and have 21/24 hp.
You shoot a sling bullet.
The sling bullet barely misses the kobold.
You feel sick.
A hound comes into view.
You take 1 damage, and have 20/24 hp.
You shoot a sling bullet.
The sling bullet barely misses the hound.
You feel sick. The hound bites you. x2
You take 5 damage, and have 15/24 hp.
MASSIVE DAMAGE!!
You shoot a sling bullet. The sling bullet hits the hound.
You feel sick. The hound closely misses you. The hound bites you.
You take 5 damage, and have 10/24 hp.
MASSIVE DAMAGE!!
You are too injured to fight recklessly!
You are too injured to fight recklessly!
You are too injured to fight recklessly!
Casting: Slow (safe; 1% risk of failure)
Confirm with . or Enter, or press ? or * to list all spells.
Aiming: Slow (safe; 1% risk of failure)
Press: ? - help, Shift-Dir - straight line, f/p - hound
Aim: a hound (heavily wounded, chance to affect: 65%)
The hound struggles to resist.
You feel sick. The hound misses you.
You take 1 damage, and have 9/24 hp.
You now have 7/8 mp.
Casting: Slow (safe; 1% risk of failure)
Confirm with . or Enter, or press ? or * to list all spells.
Aiming: Slow (safe; 1% risk of failure)
Press: ? - help, Shift-Dir - straight line, f/p - hound
Aim: a hound (heavily wounded, chance to affect: 65%)
The hound seems to slow down.
You feel sick. The hound bites you.
* * * LOW HITPOINT WARNING * * *
You take 2 damage, and have 7/24 hp.
You now have 6/8 mp.
Fire: a) +1 sling
Press: ? - help, Q - select action Shift-Dir - straight line, f/p - hound
Aim: a hound (heavily wounded, slow, 50% to hit)
You shoot a sling bullet.
The sling bullet completely misses the hound.
You feel sick. The hound bites you but does no damage.
You take 1 damage, and have 6/24 hp.
Fire: a) +1 sling
Press: ? - help, Q - select action Shift-Dir - straight line, f/p - hound
Aim: a hound (heavily wounded, slow, 50% to hit)
You shoot a sling bullet.
The sling bullet closely misses the hound.
You feel sick.
You are no longer poisoned.
The hound closely misses you. The hound bites you but does no damage.
You take 1 damage, and have 5/24 hp.
Fire: a) +1 sling
Press: ? - help, Q - select action Shift-Dir - straight line, f/p - hound
Aim: a hound (heavily wounded, slow, 50% to hit)
You shoot a sling bullet.
The sling bullet barely misses the hound.
The hound bites you.
You die...

.....###.........###.....
#.....#..###.....##.....#
.........######..###..##.
.....#....# #..###..##.
........### #....#..##.
..##....## #.......##. .
#...#..######..........
##..#.......#..........
##.#.@#.#.........#...
#...h####...###.......
##..K. ##.. ##......
#.... ... ##..... #.....
#...... #...#.. .......
.... .....


You could see a hound (slow) and a kobold.

Vanquished Creatures
  4 adders
  4 worms
  A dart slug (D:2)
  4 orcs
  6 endoplasms
  3 giant cockroaches
  9 goblins
  3 hobgoblins
  2 jackals (D:4)
  5 ball pythons
  6 bats
  2 frilled lizards (D:2)
  8 kobolds
  3 rats
  A spectral kobold (D:2)
61 creatures vanquished.

Notes
Turn   | Place    | Note
-------+----------+-------------------------------------------
     0 | D:1      | IndexError the Deep Elf Hexslinger began the quest for the
                  | Orb.
     0 | D:1      | Reached XP level 1. HP: 11/11 MP: 5/5
    42 | D:1      | Reached skill level 3 in Ranged Weapons
   215 | D:1      | Reached XP level 2. HP: 16/16 MP: 6/6
  1109 | D:2      | Reached XP level 3. HP: 20/20 MP: 7/7
  1149 | D:2      | Found a faded altar of an unknown god.
  1172 | D:2      | Reached skill level 5 in Hexes
  1204 | D:2      | HP: 3/20 [kobold/+0 war axe (13)]
  1292 | D:2      | Reached skill level 4 in Ranged Weapons
  1333 | D:2      | Learned a level 3 spell: Portal Projectile
  1749 | D:3      | Reached XP level 4. HP: 24/24 MP: 6/8
  1824 | D:3      | Found an ornate altar of the Wu Jian Council.
  1900 | D:3      | Found Kaolur's Assorted Antiques.
  1901 | D:3      | Found Nauthriu's Magic Scroll Shop.
  1988 | D:3      | Found Uhiomeokk's Jewellery Shoppe.
  2109 | D:3      | Found Avot's Antique Armour Shop.
  2249 | D:3      | HP: 6/24 [poisoned by an adder]
  2607 | D:4      | Reached skill level 5 in Ranged Weapons
  2690 | D:4      | HP: 6/24 [poisoned by a kobold]
  2692 | D:4      | Slain by a hound

Illustrated notes

Levels and vault maps discovered:
D:1:      dpeg_arrival_rooms_c, layout_basic
D:2:      layout_rooms, dreamdust_ecumenical_altar_drowned_temple
D:3:      layout_loops_ring, nzn_wu_jian_contemplation, serial_shops, shop,
          shop, shop, shop_fountains, minmay_misc_feat_more_columns
D:4:      layout_cave_pools, kennysheep_little_box, minmay_temple_entry_junction

Skill      XL: |  1  2  3  4 |
---------------+-------------+-----
Ranged Weapons | 3 4 5 |  5.0
Hexes          | 5 |  5.9
Fighting       | |  0.7
Dodging        | |  2.4
Spellcasting   | |  1.5

Action                     |  1- 3 |  4- 6 || total
---------------------------+-------+-------++-------
   Fire: Sling             |   171 |    52 ||   223
   Cast: Slow              |     7 |     7 ||    14
 Armour: Robe              |    12 |     7 ||    19
  Dodge: Dodged            |    37 |    10 ||    47

Table legend: (Time is in decaauts)
 A = Elapsed time spent in this place.
 B = Non-inter-level travel time spent in this place.
 C = Inter-level travel time spent in this place.
 D = Time resting spent in this place.
 E = Time spent auto-exploring this place.
 F = Levels seen in this place.
 G = Mean time per level.
                   A        B        C        D        E       F      G
               +--------+--------+--------+--------+--------+-----+--------+
         Total |   2743 |   2426 |    317 |     24 |   1908 |   4 |  685.8 |
       Dungeon |   2743 |   2426 |    317 |     24 |   1908 |   4 |  685.8 |
               +--------+--------+--------+--------+--------+-----+--------+

Top non-repeatable levels by time:
     D:1: 1089 daAuts
     D:3: 827 daAuts
     D:2: 537 daAuts
     D:4: 289 daAuts

Table legend:
 A = Kills in this place as a percentage of kills in entire the game.
 B = Kills by you in this place as a percentage of kills by you in the entire game.
 C = Kills by friends in this place as a percentage of kills by friends in the entire game.
 D = Other kills in this place as a percentage of other kills in the entire game.
 E = Experience gained in this place as a percentage of experience gained in the entire game.
 F = Experience gained in this place divided by the number of levels of this place that you have seen.
                   A       B       C       D       E      F
               +-------+-------+-------+-------+-------+----------------------
         Total | 100.0 | 100.0 |   N/A |   N/A | 100.0 |  41.2
       Dungeon | 100.0 | 100.0 |   N/A |   N/A | 100.0 |  41.2
               +-------+-------+-------+-------+-------+----------------------
